 Dungeon Crawl Stone Soup version 0.28-a0-1560-g060a6a1bfc (webtiles) character file.

Game seed: 5183359626911377289

3777 Essalna the Geomancer (level 10, -7/59 HPs)
             Began as a Gargoyle Earth Elementalist on Jan 19, 2022.
             Was an Initiate of Vehumet.
             Mangled by Harold (12 damage)
             ... on level 8 of the Dungeon.
             The game lasted 00:17:37 (9699 turns).

Essalna the Geomancer (Gargoyle Earth Elementalist) Turns: 9699, Time: 00:17:37

Health: -7/59      AC: 11    Str: 12    XL:     10   Next: 16%
Magic:  20/20      EV:  6    Int: 20    God:    Vehumet [......]
Gold:   307        SH:  0    Dex: 10    Spells: 18/22 levels left

rFire   + . .      SeeInvis .   q - +2 dagger (pain)
rCold   + + .      Faith    .   f - +0 buckler
rNeg    + . .      Spirit   .   b - +0 robe
rPois   ∞          Reflect  .   a - +0 helmet
rElec   +          Harm     .   (no cloak)
rCorr   +          Rampage  .   (no gloves)
Will    .....                   t - +0 pair of boots
Stlth   ++........              E - amulet of the acrobat
HPRegen 0.19/turn               p - ring of resist corrosion
MPRegen 0.17/turn               x - ring of Funepra {+Blink rF+ rC++}

@: about to teleport, marked, very slightly contaminated, held
A: sickness immunity, AC +7, negative energy resistance 1, electricity
resistance, torment resistance 1, petrification resistance
a: Renounce Religion, Evoke Blink


You were on level 8 of the Dungeon.
You worshipped Vehumet.
Vehumet was noncommittal.
You visited 2 branches of the dungeon, and saw 9 of its levels.

You collected 307 gold pieces.

Inventory:

Hand Weapons
 d - a +0 hand axe
 q - a +2 dagger of pain (weapon)
 A - a +2 mace of holy wrath
Missiles
 u - 112 stones
Armour
 a - a +0 helmet (worn)
 b - a +0 robe (worn)
 f - a +0 buckler (worn)
 t - a +0 pair of boots (worn)
Jewellery
 p - a ring of resist corrosion (left hand)
 v - a ring of ice
 x - the ring of Funepra (right hand) {+Blink rF+ rC++}
   (You found it on level 4 of the Dungeon)

   [ring of protection from fire]

   rF:        It protects you from fire.
   rC:        It greatly protects you from cold.
   +Blink:    It lets you blink.
 E - an amulet of the acrobat (around neck)
Wands
 r - a wand of iceblast (7)
 w - a wand of paralysis (2)
 z - a wand of charming (14)
 D - a wand of digging (7)
 J - a wand of acid (11)
Scrolls
 e - 3 scrolls of teleportation
 i - 3 scrolls of fog {unknown}
 l - 2 scrolls of enchant armour {unknown}
 m - 2 scrolls of magic mapping {unknown}
 o - 5 scrolls of identify {unknown}
 y - a scroll of vulnerability {unknown}
 C - a scroll of fear {unknown}
 H - a scroll of blinking {unknown}
 I - a scroll of enchant weapon {unknown}
Potions
 c - a potion of might {unknown}
 g - a potion of ambrosia {unknown}
 h - 2 potions of mutation {unknown}
 j - a potion of lignification
 k - a potion of magic
 n - 2 potions of brilliance {unknown}
 s - a potion of degeneration {unknown}
 B - a potion of heal wounds {unknown}
 F - 2 potions of attraction {unknown}
 G - 2 potions of curing {unknown}
 K - a potion of flight {unknown}


   Skills:
 + Level 5.0 Fighting
 + Level 0.3 Armour
 + Level 1.7 Dodging
 - Level 2.1 Stealth
 - Level 4.0 Shields
 + Level 6.7 Spellcasting
 + Level 7.1 Conjurations
 - Level 0.7 Transmutations
 + Level 9.2 Earth Magic
 + Level 4.1 Evocations


You had 18 spell levels left.
You knew the following spells:

 Your Spells              Type           Power      Damage    Failure   Level
a - Sandblast             Erth           86%        2d18      1%          1
b - Stone Arrow           Conj/Erth      78%        3d11      1%          3

Your spell library contained the following spells:

 Spells                   Type           Power      Damage    Failure   Level
 Passwall                 Tmut/Erth      21%        N/A       2%          2
 Foxfire                  Conj/Fire      80%        2x1d8     3%          1
 Conjure Flame            Conj/Fire      20%        6-21      9%          3
 Summon Small Mammal      Summ           24%        N/A       12%         1
 Petrify                  Tmut/Erth      26%        N/A       16%         4
 Ensorcelled Hibernation  Hex/Ice        12%        N/A       19%         2
 Flame Wave               Conj/Fire      20%        2d6       28%         4
 Call Canine Familiar     Summ           6%         N/A       36%         3
 Inner Flame              Hex/Fire       6%         N/A       36%         3
 Summon Guardian Golem    Hex/Summ       6%         N/A       36%         3
 Swiftness                Air            6%         N/A       36%         3
 Cause Fear               Hex            3%         N/A       77%         4
 Discord                  Hex            3%         N/A       100%        8


Dungeon Overview and Level Annotations

Branches:
Dungeon (8/15)             Temple (1/1) D:7
   Lair: D:8-11

Altars:
Ashenzari
Cheibriados
Dithmenos
Elyvilon
Fedhas
Gozag
Hepliaklqana
Kikubaaqudgha
Makhleb
Nemelex Xobeh
Okawaru
Qazlal
Ru
Sif Muna
Trog
Uskayaw
Vehumet
Wu Jian
Xom
Yredelemnul
Zin
The Shining One

Shops:
D:7 *

Annotations:
D:2 Robin
D:8 Harold


Innate Abilities, Weirdness & Mutations

You are immune to sickness and miasma.
Your stone body is resilient. (AC +7)
You are immune to poison.
You resist negative energy. (rN+)
You are resistant to electric shocks. (rElec)
You are resistant to unholy torment.
You are immune to petrification.


Message History

Press: ? - help, Shift-Dir - straight line, f/p - Harold
Aim: Harold, wielding a +0 mace of protection, wearing a +0 scale mail and quivering a throwing net (severely wounded, 84% to hit)
You miscast Stone Arrow.
You are very lightly contaminated with residual magic.
Nothing appears to happen.
Harold hits you but does no damage.
Casting: Stone Arrow (safe; 1% risk of failure)
Confirm with . or Enter, or press ? or * to list all spells.
Aiming: Stone Arrow (safe; 1% risk of failure)
Press: ? - help, Shift-Dir - straight line, f/p - Harold
Aim: Harold, wielding a +0 mace of protection, wearing a +0 scale mail and quivering a throwing net (severely wounded, 84% to hit)
The stone arrow misses Harold.
Harold hits you with a +0 mace of protection.
Unknown command.
Casting: Stone Arrow (safe; 1% risk of failure)
Confirm with . or Enter, or press ? or * to list all spells.
You don't have enough magic to cast this spell.
Unknown command.
Unknown command.
Unknown command.
As you read the scroll labelled ZOLIHAOMEM, it crumbles to dust.
You feel strangely unstable.
It was a scroll of teleportation.
Harold hits you with a +0 mace of protection!
You struggle against the net.
Harold hits you with a +0 mace of protection!
An orc comes into view. It is wielding a +0 dagger.
The killer bee barely misses you. The killer bee stings you.
* * * LOW HITPOINT WARNING * * *
The killer bee barely misses you. x2
Harold hits you with a +0 mace of protection!
* * * LOW HITPOINT WARNING * * *
It was a potion of magic.
Magic courses through your body. The killer bee stings you.
* * * LOW HITPOINT WARNING * * *
The killer bee stings you.
* * * LOW HITPOINT WARNING * * *
The killer bee stings you but does no damage.
The killer bee barely misses you.
An orc priest comes into view. It is wielding a +0 flail.
Harold hits you with a +0 mace of protection!
You die...

....#. #...#....#
..##o..# . #......###
..... .. #...##.# # #...
... #...##.### ####..o
#.... #......... .......
#..#...##.### .......
......##).#
......y#####.......)##
......@@yy..(........###
......y####.......))..##
......# .............
#.#### ............# #
#............
##...#....###
.......#.####
.............
#############


You could see Harold, 4 killer bees, an orc priest and an orc.

Vanquished Creatures
  Sigmund (D:2)
  Eustachio (D:6)
  Menkaure (D:7)
  Duvessa (D:5)
  3 sky beasts
  An orc warrior (D:6)
  A black bear (D:7)
  4 ogres
  2 centaurs (D:8)
  2 phantoms (D:6)
  A kobold brigand (D:8)
  2 bullfrogs
  3 scorpions
  A wyvern zombie (D:6)
  A water moccasin zombie (D:5)
  A gnoll sergeant (D:5)
  Dowan (D:5)
  A water moccasin skeleton (D:7)
  2 killer bees (D:7)
  5 howler monkeys (D:7)
  A bullfrog zombie (D:6)
  2 centaur zombies
  6 hounds
  2 orc priests (D:5)
  A jelly (D:7)
  3 centaur skeletons
  5 iguanas
  6 orc wizards
  3 adders
  5 gnolls (D:5)
  3 white imps
  An ufetubus (D:5)
  6 dart slugs
  19 orcs
  2 endoplasms
  13 goblins
  6 hobgoblins
  7 jackals
  2 quokkas
  5 ball pythons
  2 bats
  4 frilled lizards
  8 kobolds
  4 rats
151 creatures vanquished.

Vanquished Creatures (others)
  4 fungi (D:4)
4 creatures vanquished.

Grand Total: 155 creatures vanquished

Notes
Turn   | Place    | Note
-------+----------+-------------------------------------------
     0 | D:1      | Essalna the Gargoyle Earth Elementalist began the quest for
                  | the Orb.
     0 | D:1      | Reached XP level 1. HP: 10/10 MP: 3/3
   321 | D:1      | Reached skill level 4 in Earth Magic
   321 | D:1      | Reached XP level 2. HP: 15/15 MP: 3/5
   752 | D:1      | Reached XP level 3. HP: 17/19 MP: 4/7
  1074 | D:2      | Noticed Sigmund
  1243 | D:2      | Learned a level 3 spell: Stone Arrow
  1537 | D:2      | Killed Sigmund
  1538 | D:2      | Reached skill level 5 in Earth Magic
  1538 | D:2      | Reached XP level 4. HP: 21/24 MP: 1/9
  1538 | D:2      | Reached XP level 5. HP: 24/28 MP: 1/10
  1622 | D:2      | Noticed Robin
  2233 | D:3      | Reached XP level 6. HP: 32/32 MP: 7/11
  2326 | D:3      | You fall into a shaft and drop 1 floor!
  2456 | D:5      | Entered Level 5 of the Dungeon
  2526 | D:5      | Found an ancient bone altar of Kikubaaqudgha.
  2687 | D:4      | Reached skill level 6 in Earth Magic
  3060 | D:5      | Reached XP level 7. HP: 32/36 MP: 13/13
  3563 | D:4      | Found a sparkling altar of Nemelex Xobeh.
  3563 | D:4      | Found a sacrificial altar of Ru.
  3563 | D:4      | Found a snail-covered altar of Cheibriados.
  4182 | D:4      | Identified the ring of Funepra {+Blink rF+ rC++}
  4342 | D:4      | Reached skill level 7 in Earth Magic
  4572 | D:4      | Reached skill level 5 in Spellcasting
  4572 | D:4      | Reached XP level 8. HP: 42/42 MP: 5/15
  4944 | D:5      | Noticed Duvessa
  4944 | D:5      | Noticed Dowan
  4953 | D:5      | Killed Duvessa
  4954 | D:5      | Reached skill level 1 in Fighting
  4954 | D:5      | Reached skill level 1 in Shields
  4954 | D:5      | Reached skill level 1 in Evocations
  4979 | D:5      | Killed Dowan
  5083 | D:5      | Reached skill level 5 in Conjurations
  6229 | D:6      | Found a shimmering altar of Xom.
  6424 | D:6      | Reached XP level 9. HP: 23/49 MP: 1/17
  6659 | D:6      | Noticed Eustachio
  6725 | D:6      | Killed Eustachio
  6829 | D:6      | Reached skill level 8 in Earth Magic
  7992 | D:7      | Found a staircase to the Ecumenical Temple.
  8000 | Temple   | Entered the Ecumenical Temple
  8145 | Temple   | Became a worshipper of Vehumet
  8454 | D:7      | Found Bufos's Assorted Antiques.
  8548 | D:7      | Noticed Menkaure
  8784 | D:7      | Killed Menkaure
  8874 | D:7      | Found a hazy altar of Hepliaklqana.
  8955 | D:7      | Reached skill level 9 in Earth Magic
  8961 | D:7      | Reached XP level 10. HP: 55/58 MP: 4/19
  9412 | D:8      | Reached skill level 5 in Fighting
  9688 | D:8      | Noticed Harold
  9699 | D:8      | Mangled by Harold

Illustrated notes

Levels and vault maps discovered:
D:1:      zelgadis_glass_arrival_small, layout_basic
D:2:      layout_basic, uniq_sigmund, uniq_robin
D:3:      layout_rooms
D:4:      layout_loops_cross, gammafunk_temple_overflow_claw, serial_aquarium,
          aquarium_bridge_straight [aquarium_subvault_bridge,
          aquarium_subvault_wall, aquarium_subvault_bridge,
          aquarium_subvault_wall], aquarium_window_corridor_3,
          aquarium_window_fake, aquarium_view_2b, aquarium_balcony_1b,
          minmay_cupped
D:5:      layout_basic, mainiacjoe_overflow_alcove_1, grunt_ministairs_8,
          uniq_duvessa
D:6:      layout_basic, lemuel_tele_altar, uniq_eustachio
D:7:      layout_cave_pools, mainiacjoe_overflow_six_doors_small,
          temple_fountains, serial_shops, nicolae_shop_window_shopping,
          uniq_menkaure
D:8:      layout_rooms, uniq_harold
Temple:   nicolae_temple_elliptical

Skill      XL: |  1  2  3  4  5  6  7  8  9 10 |
---------------+-------------------------------+-----
Earth Magic    | 4 5 6 7 9 |  9.2
Spellcasting   | 3 4 5 6 |  6.7
Conjurations   | 2 3 4 5 6 7 |  7.1
Fighting       | 2 4 5 |  5.0
Shields        | 2 4 |  4.0
Evocations     | 2 3 4 |  4.1
Armour         | |  0.3
Dodging        | |  1.7
Stealth        | |  2.1
Transmutations | |  0.7

Action                   |  1- 3 |  4- 6 |  7- 9 | 10-12 || total
-------------------------+-------+-------+-------+-------++-------
Melee: Hand axe          |    17 |    13 |       |       ||    30
       Dagger            |       |    28 |   108 |    19 ||   155
 Cast: Sandblast         |    30 |    43 |    22 |     8 ||   103
       Stone Arrow       |       |       |   135 |    21 ||   156
Evoke: Wand              |       |       |     1 |       ||     1
  Use: Potion            |       |       |     2 |     1 ||     3
       Scroll            |       |       |       |     1 ||     1
 Stab: Sleeping          |       |     1 |       |       ||     1
Armor: Robe              |    12 |    37 |    76 |    23 ||   148
       Skin              |       |       |     7 |       ||     7
Dodge: Dodged            |    26 |    45 |   139 |    38 ||   248
Block: Buckler           |     1 |     9 |    28 |    11 ||    49

Table legend: (Time is in decaauts)
 A = Elapsed time spent in this place.
 B = Non-inter-level travel time spent in this place.
 C = Inter-level travel time spent in this place.
 D = Time resting spent in this place.
 E = Time spent auto-exploring this place.
 F = Levels seen in this place.
 G = Mean time per level.
                   A        B        C        D        E       F      G
               +--------+--------+--------+--------+--------+-----+--------+
         Total |   9726 |   9196 |    530 |    349 |   7504 |   9 | 1080.7 |
       Dungeon |   9558 |   9067 |    491 |    349 |   7393 |   8 | 1194.8 |
        Temple |    167 |    128 |     39 |      0 |    111 |   1 |  167.0 |
               +--------+--------+--------+--------+--------+-----+--------+

Top non-repeatable levels by time:
     D:5: 2268 daAuts
     D:6: 1851 daAuts
     D:1: 1519 daAuts
     D:4: 1068 daAuts
     D:7: 949 daAuts
     D:2: 675 daAuts
     D:8: 633 daAuts
     D:3: 593 daAuts
  Temple: 167 daAuts
